 Dungeon Crawl Stone Soup version 0.20.1-1-g8b1a95d (webtiles) character file.

14 Duckington the Grave Robber (level 2, -2/20 HPs)
             Began as a Ghoul Necromancer on Sept 26, 2017.
             Slain by a hobgoblin
             ... wielding a +0 club
              (5 damage)
             ... on level 2 of the Dungeon.
             The game lasted 00:10:00 (1302 turns).

Duckington the Grave Robber (Ghoul Necromancer)     Turns: 1302, Time: 00:10:01

Health: -2/20      AC:  3    Str: 10 (11) XL:     2   Next: 45%
Magic:  3/3        EV: 12    Int: 11 (12) God:
Gold:   33         SH:  0    Dex:  8 (9)  Spells: 2/4 levels left

rFire    . . .     SeeInvis .   f - +0 mace
rCold    + . .     Gourm    .   (no shield)
rNeg     + + +     Faith    .   a - +0 robe
rPois    ∞         Spirit   .   (no helmet)
rElec    .         Reflect  .   (no cloak)
rCorr    .         Harm     .   e - +0 pair of gloves
MR       .....                  (no boots)
Stlth    ++........             (no amulet)
Regen    0.0/turn               g - +2 ring of intelligence
MPRegen  0.1/turn               l - ring of positive energy

@: rotting
A: rotting body, claws 1, carnivore 3, cold resistance 1, negative energy
resistance 3, inhibited regeneration, torment resistance, unbreathing
a: no special abilities


You were on level 2 of the Dungeon.
You were not hungry.

You visited 1 branch of the dungeon, and saw 2 of its levels.

You collected 33 gold pieces.

Inventory:

Hand Weapons
 f - a +0 mace (weapon)
 h - a +0 hand axe
Missiles
 d - 3 tomahawks (quivered)
 i - 22 arrows
 j - 8 javelins
 n - 18 sling bullets
Armour
 a - a +0 robe (worn)
 e - a +0 pair of gloves (worn)
Jewellery
 g - a +2 ring of intelligence (left hand)
 l - a ring of positive energy (right hand)
Scrolls
 o - a scroll of amnesia
Books
 b - a book of Necromancy

   Spells                             Type                      Level
   a - Pain                           Necromancy                   1
   b - Animate Skeleton               Necromancy                   1
   c - Vampiric Draining              Necromancy                   3
   d - Regeneration                   Charms/Necromancy            3
   e - Animate Dead                   Necromancy                   4
   f - Control Undead                 Necromancy                   4
Comestibles
 c - a meat ration
 k - 2 chunks of flesh
 m - 4 fruits


   Skills:
 + Level 0.6 Maces & Flails
 + Level 2.0 Dodging
 - Level 2.1 Stealth
 + Level 1.9 Spellcasting
 + Level 4.2 Necromancy


You had 2 spell levels left.
You knew the following spells:

 Your Spells              Type           Power        Failure   Level  Hunger
a - Pain                  Necr           ##..         4%          1    ##.....
b - Animate Skeleton      Necr           N/A          4%          1    ##.....


Dungeon Overview and Level Annotations

Branches:
Dungeon (2/15)

Altars:


Innate Abilities, Weirdness & Mutations

Your body is rotting away.
You thrive on raw meat.
You are immune to poison.
You have sharp fingernails.
You are carnivorous and can eat meat at any time.
Your flesh is cold resistant. (rC+)
You are immune to negative energy. (rN+++)
You do not regenerate when monsters are visible.
You are immune to unholy pain and torment.
You can survive without breathing.


Message History

Found a bread ration.
You see here a hunting sling.
You swap places.
You swap places.
You swap places.
You swap places.
You see here a hunting sling.
A hobgoblin comes into view. It is wielding a club.
The hobgoblin shouts!
The hobgoblin hits you with a club. The hobgoblin barely misses you.
You hit the hobgoblin but do no damage.
Your hobgoblin skeleton hits the hobgoblin but does no damage.
The hobgoblin misses you.
You barely miss the hobgoblin. The hobgoblin hits you with a club.
* * * LOW HITPOINT WARNING * * *
Your hobgoblin skeleton barely misses the hobgoblin.
Your goblin skeleton closely misses the hobgoblin.
You barely miss the hobgoblin. The hobgoblin hits you with a club.
You die...

###### #....#
#....#####
#.%..#...
#....#.###
#........#
#...@g...#
###..ZZ..# #......#
#......# ###...)..#
########
.....##.###
#......# .###.##.#
#......#
#..#.#####......###
##..>.....)........


You could see a hobgoblin, a friendly goblin skeleton and a friendly hobgoblin
skeleton.

Vanquished Creatures
  2 goblins
  3 hobgoblins
  2 kobolds (D:1)
  A bat (D:1)
  A frilled lizard (D:1)
  A rat (D:1)
10 creatures vanquished.

Vanquished Creatures (collateral kills)
  An ooze (D:2)
1 creature vanquished.

Grand Total: 11 creatures vanquished

Notes
Turn   | Place    | Note
-------+----------+-------------------------------------------
     0 | D:1      | Duckington the Ghoul Necromancer began the quest for the Orb.
     0 | D:1      | Reached XP level 1. HP: 14/14 MP: 2/2
    11 | D:1      | Learned a level 1 spell: Animate Skeleton
   972 | D:1      | Reached XP level 2. HP: 20/20 MP: 3/3
  1302 | D:2      | Slain by a hobgoblin

Skill      XL: |  1  2 |
---------------+-------+-----
Dodging        | 2 |  2.0
Maces & Flails | |  0.6
Stealth        | |  2.1
Spellcasting   | |  1.9
Necromancy     | |  4.2

Action                   || total
-------------------------++-------
Melee: Mace              ||    52
 Cast: Animate Skeleton  ||     5
       Pain              ||     1
  Use: Scroll            ||     7
       Potion            ||     3
 Stab: Sleeping          ||     1
  Eat: Chunk             ||     1
Armor: Robe              ||    18
Dodge: Dodged            ||    31
